 Dungeon Crawl Stone Soup version 0.28.0-45-g0d030f2227 (webtiles) character file.

Game seed: 1989035103519524727

46 protoss039 the Digger (level 3, -1/27 HPs)
             Began as a Demonspawn Earth Elementalist on May 23, 2022.
             Slain by a goblin
             ... wielding a +0 club
              (4 damage)
             ... on level 2 of the Dungeon.
             The game lasted 00:04:17 (2172 turns).

protoss039 the Digger (DsEE)                        Turns: 2172, Time: 00:04:18

Health: -1/27      AC:  2    Str:  8    XL:     3   Next: 44%
Magic:  0/6        EV: 12    Int: 18    God:
Gold:   39         SH:  0    Dex: 13    Spells: 0/6 levels left

rFire   . . .      SeeInvis .   j - +0 flail (protect)
rCold   . . .      Faith    .   (no shield)
rNeg    . . .      Spirit   .   b - +0 robe
rPois   .          Reflect  .   (no helmet)
rElec   .          Harm     .   (no cloak)
rCorr   .          Rampage  .   (no gloves)
Will    .....                   (no boots)
Stlth   ++........              (no amulet)
HPRegen 0.09/turn               (no ring)
MPRegen 0.10/turn               (no ring)

@: no status effects
A: hooves 1
a: no special abilities


You were on level 2 of the Dungeon.
You visited 1 branch of the dungeon, and saw 2 of its levels.

You collected 39 gold pieces.

Inventory:

Hand Weapons
 j - a +0 flail of protection (weapon)
Missiles
 c - 71 stones
Armour
 b - a +0 robe (worn)
Scrolls
 a - 2 scrolls of identify {unknown}
Potions
 e - a potion of invisibility {unknown}
 f - a potion of ambrosia {unknown}
 g - a potion of haste {unknown}
 h - a potion of cancellation {unknown}
 i - a potion of mutation {unknown}


   Skills:
 * Level 1.7 Fighting
 + Level 1.0 Armour
 - Level 1.7 Dodging
 - Level 1.7 Stealth
 + Level 2.3 Spellcasting
 * Level 0.3 Conjurations
 - Level 1.0 Transmutations
 + Level 3.0 Earth Magic


You couldn't memorise any spells.
You knew the following spells:

 Your Spells              Type           Power      Damage    Failure   Level
a - Sandblast             Erth           24%        2d8       4%          1
b - Passwall              Tmut/Erth      7%         N/A       12%         2
c - Stone Arrow           Conj/Erth      16%        3d8       26%         3

Your spell library contained the following spells:

 Spells                   Type           Power      Damage    Failure   Level
 Petrify                  Tmut/Erth      9%         N/A       58%         4


Dungeon Overview and Level Annotations

Branches:
Dungeon (2/15)

Altars:


Innate Abilities, Weirdness & Mutations

You have large cloven feet.


Message History

Aim: an ufetubus (heavily wounded, 66% to hit)
The blast of sand hits the ufetubus but does no damage.
The ufetubus is heavily wounded.
The ufetubus hits you.
* * * LOW HITPOINT WARNING * * *
The ufetubus closely misses you. The ufetubus barely misses you. x2
Casting: Sandblast (safe; 4% risk of failure)
Confirm with . or Enter, or press ? or * to list all spells.
Aiming: Sandblast (safe; 4% risk of failure)
Press: ? - help, Shift-Dir - straight line, f/p - ufetubus
Aim: an ufetubus (heavily wounded, 66% to hit)
The blast of sand hits the ufetubus!
You kill the ufetubus!
Unknown command.
Casting: Sandblast (safe; 4% risk of failure)
Confirm with . or Enter, or press ? or * to list all spells.
Aiming: Sandblast (safe; 4% risk of failure)
Press: ? - help, Shift-Dir - straight line, f - hobgoblin
Aim: a hobgoblin (79% to hit)
The blast of sand hits the hobgoblin!
You kill the hobgoblin!
Unknown command.
Casting: Sandblast (safe; 4% risk of failure)
Confirm with . or Enter, or press ? or * to list all spells.
Aiming: Sandblast (safe; 4% risk of failure)
Press: ? - help, Shift-Dir - straight line, f - goblin
Aim: a goblin, wielding a +0 club (74% to hit)
The blast of sand misses the goblin.
The blast of sand hits the dart slug!
The dart slug is almost dead.
The goblin hits you with a +0 club.
* * * LOW HITPOINT WARNING * * *
Casting: Sandblast (safe; 4% risk of failure)
Confirm with . or Enter, or press ? or * to list all spells.
Aiming: Sandblast (safe; 4% risk of failure)
Press: ? - help, Shift-Dir - straight line, f/p - goblin
Aim: a goblin, wielding a +0 club (74% to hit)
The blast of sand hits the goblin.
The goblin is heavily wounded.
The goblin hits you with a +0 club.
You die...

......##.#....######.###.........
.........+....#..................
.........#....#..################
##.......+....#..#
#.......#....#..#
###....>'.).....#
########.#.....###.. ###.
.........#.......#.. ....
.........#.....#@#.# ...#
.........†...#.#g#.# ...#
........####.#.#w#.# ...
........# #.....#.###.####.
........#####....#..........
............#......g.......#
............#....#w......###
............#....#....####
#######.....#....#.####


You could see a dart slug and a goblin.

Vanquished Creatures
  An ufetubus (D:2)
  A worm (D:2)
  A dart slug (D:1)
  2 ball pythons (D:1)
  2 endoplasms (D:2)
  A giant cockroach (D:1)
  3 goblins
  4 hobgoblins
  9 jackals (D:1)
  A quokka (D:2)
  A bat (D:2)
  4 rats (D:1)
30 creatures vanquished.

Notes
Turn   | Place    | Note
-------+----------+-------------------------------------------
     0 | D:1      | protoss039 the Demonspawn Earth Elementalist began the
                  | quest for the Orb.
     0 | D:1      | Reached XP level 1. HP: 13/13 MP: 3/3
    10 | D:1      | Reached skill level 1 in Transmutations
   791 | D:1      | Discovered your monstrous ancestry.
   791 | D:1      | Gained mutation: You have large cloven feet. [demonic
                  | ancestry]
   791 | D:1      | Reached XP level 2. HP: 16/20 MP: 5/5
   913 | D:1      | Reached skill level 1 in Fighting
  1206 | D:1      | Found a faded altar of an unknown god.
  1837 | D:1      | Learned a level 2 spell: Passwall
  1891 | D:2      | Reached XP level 3. HP: 26/26 MP: 6/6
  1942 | D:2      | Reached skill level 1 in Armour
  1942 | D:2      | Reached skill level 3 in Earth Magic
  2153 | D:2      | Learned a level 3 spell: Stone Arrow
  2172 | D:2      | Slain by a goblin

Illustrated notes

Levels and vault maps discovered:
D:1:      psy_arrival_whirlpool, layout_basic,
          hellmonk_ecumenical_altar_dog_temple
D:2:      minmay_recursive_quarters, layout_basic, basic_altar,
          minmay_misc_feat_four_crosses, minmay_misc_feat_encased,
          chequers_serial_rivers_large_a

Skill      XL: |  1  2  3 |
---------------+----------+-----
Transmutations | 1 |  1.0
Fighting       | 1 |  1.7
Armour         | 1 |  1.0
Earth Magic    | 3 |  3.0
Dodging        | |  1.7
Stealth        | |  1.7
Spellcasting   | |  2.3
Conjurations   | |  0.3

Action                   || total
-------------------------++-------
Melee: Unarmed           ||     9
       Dagger            ||    54
       Kick              ||    11
       Flail             ||    14
       Punch             ||     1
 Cast: Sandblast         ||    36
Armor: Robe              ||    16
Dodge: Dodged            ||    98
